 Dungeon Crawl Stone Soup version 0.26.1-11-gd32895ea62 (webtiles) character file.

Game seed: 18301825479877244765

191 GenialerGandalf the Chopper (level 5, -3/47 HPs)
             Began as a Hill Orc Fighter on May 6, 2021.
             Was an Initiate of Beogh.
             Shot with a stone by a goblin (4 damage)
             ... on level 3 of the Dungeon.
             The game lasted 00:08:07 (3324 turns).

GenialerGandalf the Chopper (Hill Orc Fighter)      Turns: 3324, Time: 00:08:08

Health: -3/47      AC:  7    Str: 20    XL:     5   Next: 70%
Magic:  5/5        EV:  7    Int:  8    God:    Beogh [......]
Gold:   75         SH:  9    Dex: 10    Spells: 4/4 levels left

rFire    . . .     SeeInvis .   a - +0 war axe
rCold    . . .     Faith    .   c - +0 kite shield
rNeg     . . .     Spirit   .   b - +0 scale mail
rPois    .         Reflect  .   (no helmet)
rElec    .         Harm     .   (no cloak)
rCorr    .         Rampage  .   (no gloves)
Will     .....                  (no boots)
Stlth    ..........             (no amulet)
HPRegen  0.15/turn              (no ring)
MPRegen  0.09/turn              (no ring)

@: mighty
A: no striking features
a: Renounce Religion


You were on level 3 of the Dungeon.
You worshipped Beogh.
Beogh was noncommittal.
You visited 1 branch of the dungeon, and saw 3 of its levels.

You collected 75 gold pieces.

Inventory:

Hand Weapons
 a - a +0 war axe (weapon)
Armour
 b - a +0 scale mail (worn)
 c - a +0 kite shield (worn)
Scrolls
 e - a scroll of enchant weapon {unknown}
 h - a scroll of teleportation {unknown}
 k - a scroll of remove curse {unknown}
 l - a scroll of blinking {unknown}
 m - a scroll of enchant armour {unknown}
 n - a scroll of identify {unknown}
Potions
 d - 2 potions of might
 f - a potion of berserk rage {unknown}
 g - 2 potions of heal wounds {unknown}
 i - a potion of haste {unknown}
 j - a potion of curing {unknown}


   Skills:
 + Level 4.5 Fighting
 + Level 5.1 Axes
 + Level 4.4 Armour
 + Level 0.6 Dodging
 + Level 0.2 Stealth
 + Level 3.9 Shields


You had 4 spell levels left.
You didn't know any spells.
Your spell library was empty.

Dungeon Overview and Level Annotations

Branches:
Dungeon (3/15)

Altars:
Ru

Annotations:
D:2 Terence
D:3 Grinder, Ijyb


Message History

You miss Ijyb.
The goblin shoots a stone.
The stone hits you but does no damage. Ijyb hits you but does no damage.
You closely miss Ijyb.
The goblin shoots a stone.
You block the stone. Ijyb hits you but does no damage.
You closely miss Ijyb.
The goblin shoots a stone.
The stone barely misses you. Ijyb hits you but does no damage.
Ijyb zaps a wand.
You are blasted!
* * * LOW HITPOINT WARNING * * *
The goblin shoots a stone.
You block the stone.
You slash Ijyb!
Ijyb is moderately wounded.
Ijyb hits you but does no damage.
Grinder blinks!
The goblin shoots a stone.
The stone barely misses you.
You closely miss Ijyb.
Ijyb is moderately wounded.
You slash Grinder!
Grinder blinks!
Ijyb hits you but does no damage.
You closely miss Ijyb.
Ijyb is moderately wounded.
Ijyb hits you but does no damage.
The goblin shoots a stone.
The stone hits you.
You die...

.........##### #
.............## .# ##
..............###.####..
.................5.....#
........†.............##
........†..............#
........##............<#
...............>§..g....
.........#...(((@......#
.........#####(.g....#..
...).....# ###.##..#
.........# ...! .#
#.......## .......#
..[.)....# ........ #
.........


You could see Grinder, Ijyb and a goblin.

Vanquished Creatures
  Natasha (thrice) (D:2)
  4 gnolls
  3 adders
  A worm (D:1)
  A dart slug (D:2)
  4 leopard geckos
  2 ball pythons (D:1)
  2 giant cockroaches (D:1)
  6 goblins
  3 hobgoblins (D:1)
  2 jackals (D:1)
  2 kobolds (D:1)
  2 bats (D:2)
  5 frilled lizards
  7 rats
47 creatures vanquished.

Vanquished Creatures (others)
  A leopard gecko (D:3)
1 creature vanquished.

Grand Total: 48 creatures vanquished

Notes
Turn   | Place    | Note
-------+----------+-------------------------------------------
     0 | D:1      | GenialerGandalf the Hill Orc Fighter began the quest for
                  | the Orb.
     0 | D:1      | Reached XP level 1. HP: 19/19 MP: 1/1
   107 | D:1      | You fall into a shaft and drop 1 floor!
   154 | D:1      | Reached XP level 2. HP: 23/27 MP: 2/2
   479 | D:1      | Reached skill level 3 in Axes
   730 | D:1      | Reached XP level 3. HP: 33/33 MP: 3/3
  1107 | D:2      | Noticed Terence
  1777 | D:1      | Reached skill level 4 in Axes
  1874 | D:2      | Reached XP level 4. HP: 15/40 MP: 4/4
  2304 | D:2      | Noticed Natasha
  2310 | D:2      | Killed Natasha
  2425 | D:2      | Noticed Natasha
  2432 | D:2      | Killed Natasha
  2433 | D:2      | Reached XP level 5. HP: 33/47 MP: 5/5
  2596 | D:2      | Noticed Natasha
  2602 | D:2      | Killed Natasha
  2660 | D:2      | Found a sacrificial altar of Ru.
  3076 | D:3      | Became a worshipper of Beogh the Brigand
  3194 | D:3      | Reached skill level 5 in Axes
  3314 | D:3      | Noticed Ijyb
  3317 | D:3      | Noticed Grinder
  3321 | D:3      | HP: 1/47 [disintegration (22)]
  3324 | D:3      | Shot with a stone by a goblin

Illustrated notes

Levels and vault maps discovered:
D:1:      noname_arrival_rooms_in_the_neighbourhood, layout_loops_ring,
          hex_medium
D:2:      layout_basic, nicolae_overflow_hidden_temple, uniq_terence,
          uniq_natasha
D:3:      layout_rooms, minmay_overflow_temple_star_hex,
          eat_drink_and_be_merry_uskayaw, uniq_jessica, uniq_grinder, uniq_ijyb

Skill      XL: |  1  2  3  4  5 |
---------------+----------------+-----
Fighting       | 4 |  4.5
Axes           | 3 4 5 |  5.1
Armour         | 4 |  4.4
Dodging        | |  0.6
Stealth        | |  0.2
Shields        | |  3.9

Action                   |  1- 3 |  4- 6 || total
-------------------------+-------+-------++-------
Melee: War axe           |    92 |    88 ||   180
Invok: Convert to Beogh  |       |     1 ||     1
  Use: Potion            |       |     1 ||     1
Armor: Scale mail        |    34 |    57 ||    91
Dodge: Dodged            |    26 |    35 ||    61
Block: Kite shield       |    53 |    64 ||   117
